 Dungeon Crawl Stone Soup version 0.30-a0-862-g1aabd4f9c5 (webtiles) character file.

Game seed: 6272897370236889528

188 Rocko1345 the Sneak (level 5, -2/46 HPs)
             Began as a Draconian Delver on Mar 10, 2023.
             Slain by a gnoll bouda
             ... wielding a +0 club
              (10 damage)
             ... on level 4 of the Dungeon.
             The game lasted 00:02:05 (663 turns).

Rocko1345 the Sneak (Draconian Delver)               Turns: 663, Time: 00:02:06

Health: -2/46      AC:  7    Str: 17    XL:     5   Next: 39%
Magic:  5/5        EV: 12    Int: 10    God:
Gold:   21         SH:  0    Dex: 12    Spells: 4/4 levels left

rFire   . . .      SeeInvis .    a - +0 hand axe
rCold   . . .      Faith    .    (no shield)
rNeg    . . .      Spirit   .    (body armour unavailable)
rPois   .          Reflect  .    (helmet restricted)
rElec   .          Rampage  .    (no cloak)
rCorr   .                        (no gloves)
Will    .....                    b - +1 pair of boots
Stlth   +++                      (no amulet)
HPRegen 0.27/turn                (no ring)
MPRegen 0.09/turn                (no ring)

@: weakened, hasted, very quick
A: AC +5, unfitting armour, cold-blooded
a: no special abilities


You were on level 4 of the Dungeon.
You visited 1 branch of the dungeon, and saw 2 of its levels.

You collected 21 gold pieces.

Inventory:

Hand Weapons
 a - a +0 hand axe (weapon)
Armour
 b - a +1 pair of boots (worn)
Wands
 f - a wand of digging (3)
Scrolls
 c - a scroll of magic mapping
 d - a scroll of fear


   Skills:
 + Level 4.0 Fighting
 + Level 2.6 Axes
 + Level 2.2 Dodging
 + Level 6.3 Stealth


You had 4 spell levels left.
You didn't know any spells.
Your spell library was empty.

Dungeon Overview and Level Annotations

Branches:
Dungeon (5/15)             Temple (0/1) D:5

Altars:
Cheibriados
Uskayaw

Shops:
D:5 *


Innate Abilities, Weirdness & Mutations

Your plain brown scales are hard. (AC +5)
You cannot fit into any form of body armour.
You are cold-blooded and may be slowed by cold attacks.


Message History

An ogre comes into view. It is wielding a +0 giant club.
The gnoll moves out of view.
A gnoll comes into view. It is wielding a +0 spear.
The gnoll shouts!
The ogre shouts!
The gnoll shouts!
The gnoll bouda barks out a call to the hunt!
The gnolls pick up the pace!
The gnoll drinks a potion.
The gnoll seems to grow stronger.
The gnoll barely misses you. x2
You hit the gnoll.
The gnoll is heavily wounded.
You hit the gnoll. The gnoll hits you with a +0 spear.
The gnoll barely misses you.
The gnoll hits you from afar with a +0 spear.
You hit the gnoll. You tail-slap the gnoll.
You kill the gnoll!
You hit the gnoll. The gnoll barely misses you.
The gnoll hits you but does no damage.
The gnoll bouda gazes fiercely through you!
You feel your attacks grow feeble. The gnoll misses you.
The gnoll shouts!
Your Fighting skill increases to level 4!
The gnoll hits you from afar with a +0 spear.
The gnoll hits you with a +0 halberd!
You hit the gnoll.
The gnoll is severely wounded.
The gnoll hits you from afar with a +0 spear.
You hit the gnoll bouda but do no damage.
The gnoll hits you from afar with a +0 spear.
The gnoll hits you from afar with a +0 halberd.
The gnoll closely misses you.
The gnoll bouda hits you with a +0 club!
* * * LOW HITPOINT WARNING * * *
Unknown command.
You feel yourself speed up.
The gnoll is no longer moving quickly.
The gnoll closely misses you. The gnoll hits you but does no damage.
The gnoll bouda gazes fiercely through you!
You feel as though you will be weak longer.
The gnoll bouda hits you with a +0 club!
You die...

......### ...........
.....## ..........
...### #......g.g
##### .........
....##### ####
##........
........#####..# ##Og#
####..........####gg##
#######.......)g##
######.@g## #####


You could see an ogre, a gnoll bouda and 4 gnolls.

Vanquished Creatures
  A scorpion (D:5)
  A hound (D:5)
  A sleepcap (D:5)
  An orc wizard (D:5)
  A gnoll (D:4)
  3 adders (D:5)
  4 orcs (D:5)
  A hobgoblin (D:4)
  A quokka (D:5)
14 creatures vanquished.

Notes
Turn   | Place    | Note
-------+----------+-------------------------------------------
     0 | D:5      | Rocko1345 the Draconian Delver began the quest for the Orb.
     0 | D:5      | Reached XP level 1. HP: 19/19 MP: 1/1
    17 | D:5      | Noticed a hound
    54 | D:5      | Killed a hound
    55 | D:5      | Reached skill level 5 in Stealth
    55 | D:5      | Reached XP level 2. HP: 18/26 MP: 2/2
    55 | D:5      | Reached XP level 3. HP: 22/31 MP: 3/3
   172 | D:5      | Found a snail-covered altar of Cheibriados.
   211 | D:5      | Found a hide-covered altar of Uskayaw.
   241 | D:5      | Found Xeny's Overcharged Wands.
   259 | D:5      | Noticed a scorpion
   277 | D:5      | Killed a scorpion
   278 | D:5      | Reached skill level 6 in Stealth
   278 | D:5      | Reached XP level 4. HP: 31/40 MP: 4/4
   397 | D:5      | Found a staircase to the Ecumenical Temple.
   412 | D:5      | Reached XP level 5. HP: 46/46 MP: 5/5
   648 | D:4      | Noticed an ogre
   663 | D:4      | Slain by a gnoll bouda

Illustrated notes

Levels and vault maps discovered:
D:4:      layout_cave_pods
D:5:      layout_loops_ring, mainiacjoe_overflow_24_doors,
          overflow_temple_1_default, minmay_temple_entry_waves,
          nicolae_shop_i_like_big_books, nicolae_shop_overcharged_wands

Skill      XL: |  1  2  3  4  5 |
---------------+----------------+-----
Stealth        | 5 6 |  6.3
Dodging        | 2 |  2.2
Fighting       | 4 |  4.0
Axes           | |  2.6

Action                     |  1- 3 |  4- 6 || total
---------------------------+-------+-------++-------
  Melee: Hand axe          |    34 |    31 ||    65
         Tailslap          |     6 |     4 ||    10
         Punch             |     1 |       ||     1
    Use: Scroll            |     1 |       ||     1
         Potion            |       |     1 ||     1
 Armour: Skin              |    12 |    16 ||    28
  Dodge: Dodged            |    21 |    45 ||    66

Table legend: (Time is in decaauts)
 A = Elapsed time spent in this place.
 B = Non-inter-level travel time spent in this place.
 C = Inter-level travel time spent in this place.
 D = Time resting spent in this place.
 E = Time spent auto-exploring this place.
 F = Levels seen in this place.
 G = Mean time per level.
                   A        B        C        D        E       F      G
               +--------+--------+--------+--------+--------+-----+--------+
         Total |    675 |    675 |      0 |    211 |    200 |   2 |  337.5 |
       Dungeon |    675 |    675 |      0 |    211 |    200 |   2 |  337.5 |
               +--------+--------+--------+--------+--------+-----+--------+

Top non-repeatable levels by time:
     D:5: 586 daAuts
     D:4: 88 daAuts
